 Dungeon Crawl Stone Soup version 0.26-b1-32-g5d43845318 (webtiles) character file.

Game seed: 6787911844257349339

95 jmlagarto the Ducker (level 4, -3/30 HPs)
             Began as a Merfolk Earth Elementalist on Jan 9, 2021.
             Slain by a hobgoblin
             ... wielding a +0 war axe
              (6 damage)
             ... on level 2 of the Dungeon.
             The game lasted 00:09:56 (2733 turns).

jmlagarto the Ducker (Merfolk Earth Elementalist)   Turns: 2733, Time: 00:09:56

Health: -3/30      AC:  2    Str:  5 (8)  XL:     4   Next: 66%
Magic:  4/8        EV: 14    Int: 12 (15) God:
Gold:   56         SH:  0    Dex: 14      Spells: 2/8 levels left

rFire    . . .     SeeInvis .   b - +0 whip
rCold    . . .     Faith    .   (no shield)
rNeg     . . .     Spirit   .   c - +0 robe
rPois    .         Reflect  .   (no helmet)
rElec    .         Harm     .   (no cloak)
rCorr    .         Rampage  .   (no gloves)
Will     .....                  (no boots)
Stlth    ++........             (no amulet)
HPRegen  0.10/turn              (no ring)
MPRegen  0.11/turn              (no ring)

@: lethally poisoned (-3 -> -6)
A: change form in water, swift swim, stealthy swim
a: no special abilities


You were on level 2 of the Dungeon.
You visited 1 branch of the dungeon, and saw 2 of its levels.

You collected 56 gold pieces.

Inventory:

Hand Weapons
 b - a +0 whip (weapon)
 g - a +0 hunting sling
Missiles
 k - 8 boomerangs (quivered)
Armour
 c - a +0 robe (worn)
Jewellery
 j - a +6 ring of dexterity {unknown}
Scrolls
 a - a scroll of fear {unknown}
 d - 2 scrolls of identify {unknown}
 e - a scroll of random uselessness {unknown}
Potions
 f - 2 potions of degeneration
 h - a potion of invisibility {unknown}
 i - a potion of haste {unknown}


   Skills:
 + Level 0.1 Fighting
 + Level 0.1 Maces & Flails
 + Level 3.8 Dodging
 + Level 2.9 Stealth
 + Level 2.7 Spellcasting
 + Level 1.3 Transmutations
 + Level 3.2 Earth Magic


You had 2 spell levels left.
You knew the following spells:

 Your Spells              Type           Power        Failure   Level
a - Sandblast             Erth           18%          7%          1
b - Passwall              Tmut/Erth      5%           16%         2
c - Stone Arrow           Conj/Erth      10%          36%         3

Your spell library contained the following spells:

 Spells                   Type           Power        Failure   Level
 Petrify                  Tmut/Erth      7%           69%         4
 Lee's Rapid Deconstruct  Erth           4%           88%         5


Dungeon Overview and Level Annotations

Branches:
Dungeon (2/15)

Altars:


Message History

You hit the hobgoblin but do no damage.
The hobgoblin is moderately wounded.
You feel sick.
You completely miss the hobgoblin.
The hobgoblin is moderately wounded.
The hobgoblin closely misses you.
You hit the hobgoblin but do no damage.
You feel sick. The hobgoblin closely misses you.
You hit the hobgoblin but do no damage.
The hobgoblin hits you with a +0 war axe.
You completely miss the hobgoblin.
You feel sick.
The hobgoblin hits you with a +0 war axe!
* * * LOW HITPOINT WARNING * * *
You barely miss the hobgoblin. The hobgoblin barely misses you.
You hit the hobgoblin but do no damage.
* * * LOW HITPOINT WARNING * * *
You feel sick. The hobgoblin barely misses you.
You closely miss the hobgoblin.
The hobgoblin hits you with a +0 war axe.
You die...

######## #.......
#####.###### #.......# #.
##.###.#.# #.
#########......#.# #.
####....g.##......#.###.
.......@.............<#.
####...(..#########.###.
.......(..............#.
####.)....######......#.
##......# #...#..#.
.###.......######...#..##
.....(..............()...
........#########...#..#.
........# #........


You could see a hobgoblin.

Vanquished Creatures
  3 adders (D:2)
  2 gnolls (D:2)
  2 oozes (D:1)
  2 dart slugs
  A leopard gecko (D:1)
  A ball python (D:2)
  3 goblins
  8 hobgoblins
  5 bats
  5 frilled lizards
  5 kobolds
  4 rats (D:1)
41 creatures vanquished.

Notes
Turn   | Place    | Note
-------+----------+-------------------------------------------
     0 | D:1      | jmlagarto the Merfolk Earth Elementalist began the quest
                  | for the Orb.
     0 | D:1      | Reached XP level 1. HP: 13/13 MP: 3/3
   421 | D:1      | Reached XP level 2. HP: 19/19 MP: 1/5
   771 | D:1      | Reached XP level 3. HP: 24/24 MP: 4/6
  1160 | D:1      | Learned a level 2 spell: Passwall
  1831 | D:2      | Reached XP level 4. HP: 5/30 MP: 8/8
  2005 | D:2      | Learned a level 3 spell: Stone Arrow
  2733 | D:2      | Slain by a hobgoblin

Illustrated notes

Levels and vault maps discovered:
D:1:      nagdon_arrival_double_spiral, layout_rooms, nrook_mini_backslash
D:2:      layout_basic

Skill      XL: |  1  2  3 |
---------------+----------+-----
Dodging        | 3 |  3.8
Earth Magic    | 3 |  3.2
Fighting       | |  0.1
Maces & Flails | |  0.1
Stealth        | |  2.9
Spellcasting   | |  2.7
Transmutations | |  1.3

Action                   |  1- 3 |  4- 6 || total
-------------------------+-------+-------++-------
Melee: Unarmed           |    19 |       ||    19
       Hunting sling     |     6 |       ||     6
       Whip              |    32 |    58 ||    90
 Fire: Hunting sling     |     2 |       ||     2
 Cast: Sandblast         |    38 |       ||    38
       Passwall          |     1 |     1 ||     2
       Stone Arrow       |       |     9 ||     9
  Use: Scroll            |     2 |       ||     2
       Potion            |     1 |     3 ||     4
Armor: Robe              |    28 |    10 ||    38
Dodge: Dodged            |    72 |    52 ||   124
